 Dungeon Crawl Stone Soup version 0.31-a0-230-g09eb5fc4d3 (webtiles) character file.

Game seed: 1585488389215210194

606 qw the Shooter (level 7, -5/60 HPs)
             Began as a Minotaur Hexslinger on July 6, 2023.
             Slain by a hornet zombie (8 damage)
             ... in an ossuary.
             The game lasted 00:01:20 (3937 turns).

qw the Shooter (Minotaur Hexslinger)                Turns: 3937, Time: 00:01:21

Health: -5/60      AC:  6    Str: 13    XL:     7   Next: 19%
Magic:  7/7        EV: 12    Int: 10    God:
Gold:   251        SH:  0    Dex: 14    Spells: 7/8 levels left

rFire   + . .        Y - +1 sling (elec)
rCold   . . .        (no shield)
rNeg    . . .        h - +2 leather armour {rF+}
rPois   .            (helmet restricted)
rElec   .            (no cloak)
rCorr   +            b - +0 pair of gloves
SInv    .            (no boots)
Will    +....        (no amulet)
Stlth   +            e - ring of resist corrosion
HPRegen 0.30/turn    i - ring of willpower
MPRegen 0.10/turn

%: no passive effects
@: no status effects
A: horns 2, retaliatory headbutt
a: no special abilities


You were in an ossuary.
You visited 1 branch of the dungeon, and saw 4 of its levels.
You also visited: Ossuary.

You collected 251 gold pieces.


Innate Abilities, Weirdness & Mutations

You have a pair of horns on your head.
You reflexively headbutt those who attack you in melee.


   Skills:
 - Level 4.4 Fighting
 + Level 7.5 Ranged Weapons
 - Level 1.7 Armour
 - Level 2.1 Dodging
 - Level 1.0 Spellcasting
 - Level 2.0 Hexes


You had 7 spell levels left.
You knew the following spells:

 Your Spells              Type           Power      Damage    Failure   Level
a - Slow                  Hex            16%        N/A       19%         1

Your spell library contained the following spells:

 Spells                   Type           Power      Damage    Failure   Level
 Inner Flame              Hex/Fire       2%         N/A       65%         3
 Portal Projectile        Hex/Tloc       4%         N/A       65%         3
 Cause Fear               Hex            2%         N/A       88%         4

Inventory:

Hand Weapons
 Y - a +1 sling of electrocution (weapon)
Armour
 b - a +0 pair of gloves (worn)
 g - a +1 leather armour of cold resistance
 h - a +2 leather armour of fire resistance (worn)
Jewellery
 e - a ring of resist corrosion (left hand)
 i - a ring of willpower (right hand)
Scrolls
 c - 2 scrolls of identify
Potions
 d - a potion of magic {unknown}
 f - 4 potions of might
 j - a potion of brilliance {unknown}

Dungeon Overview and Level Annotations

Branches:
Dungeon (4/15)            Ossuary (1/1)
 Temple: D:4-7

Altars:
Cheibriados
Dithmenos
Fedhas
Gozag
The Shining One


Message History

The hornet zombie is moderately damaged.
You shoot a sling bullet.
The sling bullet closely misses the hornet zombie.
The hornet zombie closely misses you.
You shoot a sling bullet.
The sling bullet barely misses the hornet zombie.
The hornet zombie hits you.
The hornet zombie completely misses you.
You shoot a sling bullet.
The sling bullet hits the hornet zombie but does no damage.
The hornet zombie is moderately damaged.
The hornet zombie misses you.
A bullfrog zombie comes into view.
You shoot a sling bullet.
The sling bullet closely misses the hornet zombie.
The hornet zombie hits you.
You shoot a sling bullet.
The sling bullet hits the hornet zombie.
The hornet zombie is heavily damaged.
The hornet zombie barely misses you. The hornet zombie closely misses you.
You furiously retaliate!
You headbutt the hornet zombie. You shoot a sling bullet.
The sling bullet barely misses the hornet zombie.
The hornet zombie hits you but does no damage.
The bullfrog zombie hits you but does no damage.
You shoot a sling bullet.
The sling bullet barely misses the hornet zombie.
The bullfrog zombie closely misses you. The hornet zombie hits you.
The bullfrog zombie hits you. The hornet zombie hits you!
You shoot a sling bullet.
The sling bullet completely misses the hornet zombie.
The bullfrog zombie barely misses you. The hornet zombie closely misses you.
You shoot a sling bullet.
The sling bullet hits the hornet zombie.
The hornet zombie is heavily damaged.
The bullfrog zombie hits you. The hornet zombie closely misses you.
You furiously retaliate!
You headbutt the hornet zombie.
The bullfrog zombie hits you but does no damage.
The hornet zombie hits you!
You die...

##### ##### #..\#
#!@?# #.\.###?ZZ#
#...#.#!.!#
~#~.##'##'##'##.#
#~..~.~..........+
#~~~.~~#'#'#'#'#+#
####.#.#.#.#.#.
#############


You could see a bullfrog zombie and a hornet zombie.

Vanquished Creatures
  A wyvern zombie (Ossuary)
  A water moccasin zombie (Ossuary)
  3 bullfrog zombies (Ossuary)
  A centaur zombie (Ossuary)
  A jelly (D:4)
  An orc priest (D:2)
  Jessica (D:3)
  Terence (D:2)
  A killer bee zombie (Ossuary)
  5 mummies (Ossuary)
  4 adders
  An ufetubus (D:4)
  6 worms
  A dart slug (D:2)
  3 orcs (D:3)
  8 endoplasms
  3 giant cockroaches
  4 goblins
  3 hobgoblins
  3 jackals (D:1)
  2 kobolds
  2 quokkas
  12 ball pythons
  3 bats
  4 frilled lizards (D:2)
  A goblin zombie (D:4)
  A quokka zombie (D:4)
  14 rats
91 creatures vanquished.

Notes
Turn   | Place    | Note
-------+----------+-------------------------------------------
     0 | D:1      | qw the Minotaur Hexslinger began the quest for the Orb.
     0 | D:1      | Reached XP level 1. HP: 16/16 MP: 1/1
     0 | D:1      | 0 ||| qw: Version: 0.3-a-46-gb1f654a
     0 | D:1      | 0 ||| qw: Game counter: 1747
     0 | D:1      | 0 ||| qw: Melee chars always use a shield: true
     0 | D:1      | 0 ||| qw: God list: Okawaru
     0 | D:1      | 0 ||| qw: Allow faded altars: false
     0 | D:1      | 0 ||| qw: Do Orc after clearing Dungeon:15 true
     0 | D:1      | 0 ||| qw: Do second Lair branch before Depths: true
     0 | D:1      | 0 ||| qw: Lair rune preference: random
     0 | D:1      | 0 ||| qw: Goals: Normal
     0 | D:1      | 0 ||| PLANNING D:1-11
   430 | D:1      | Reached skill level 3 in Ranged Weapons
   435 | D:1      | Reached XP level 2. HP: 23/23 MP: 2/2
   832 | D:1      | 832 ||| UPGRADING to +0 leather armour.
   842 | D:1      | 842 ||| DROPPING +0 robe.
   843 | D:1      | 843 ||| UPGRADING to +1 leather armour of cold resistance.
   853 | D:1      | 853 ||| DROPPING +0 leather armour.
   854 | D:1      | 854 ||| UPGRADING to +2 leather armour of fire resistance.
   864 | D:1      | 864 ||| UPGRADING to ring of resist corrosion.
   865 | D:1      | 865 ||| DRINKING 2 inky potions.
   970 | D:1      | 970 ||| DROPPING scroll of poison.
   971 | D:1      | 971 ||| DROPPING potion of berserk rage.
  1025 | D:2      | HP: 6/24 [poisoned by an adder]
  1027 | D:2      | Reached XP level 3. HP: 7/29 MP: 3/3
  1327 | D:2      | Reached skill level 4 in Ranged Weapons
  1706 | D:2      | Reached XP level 4. HP: 32/36 MP: 4/4
  1732 | D:2      | Found a glowing golden altar of the Shining One.
  1790 | D:2      | Noticed Terence
  1805 | D:2      | HP: 4/36 [Terence/+0 mace (6)]
  1808 | D:2      | Killed Terence
  1809 | D:2      | Reached skill level 5 in Ranged Weapons
  2409 | D:2      | 2409 ||| READING scroll labelled FIRESCH JEUB.
  2410 | D:2      | 2410 ||| READING scroll labelled ULIN KULLAP.
  2451 | D:3      | 2451 ||| STAIRDANCE
  2517 | D:3      | Reached skill level 3 in Fighting
  2522 | D:3      | 2522 ||| STAIRDANCE
  2527 | D:2      | Reached XP level 5. HP: 16/45 MP: 5/5
  2728 | D:3      | Found an opulent altar of Gozag.
  3038 | D:3      | Noticed Jessica
  3049 | D:3      | Killed Jessica
  3176 | D:3      | Found a faded altar of an unknown god.
  3229 | D:3      | 3229 ||| UPGRADING to +0 pair of gloves.
  3234 | D:3      | 3234 ||| UPGRADING to ring of willpower.
  3235 | D:3      | 3235 ||| READING scroll labelled BAUNISKORIRGH.
  3236 | D:3      | 3236 ||| DRINKING 2 dark potions.
  3237 | D:3      | 3237 ||| DROPPING potion of attraction.
  3253 | D:4      | 3253 ||| PLANNING OSSUARY
  3328 | D:4      | Found a blossoming altar of Fedhas.
  3335 | D:4      | Reached skill level 6 in Ranged Weapons
  3435 | D:4      | Found a snail-covered altar of Cheibriados.
  3435 | D:4      | Found a shadowy altar of Dithmenos.
  3509 | D:4      | Found a sand-covered staircase.
  3510 | D:4      | 3510 ||| READING scroll labelled ZAUGUPT QOMAI.
  3585 | D:4      | 3585 ||| READING scroll labelled QEIRRA WIOH.
  3586 | D:4      | 3586 ||| DRINKING 4 amethyst potions.
  3596 | Ossuary  | Entered an ossuary
  3603 | Ossuary  | Reached skill level 1 in Armour
  3603 | Ossuary  | Reached XP level 6. HP: 51/51 MP: 6/6
  3730 | Ossuary  | HP: 5/53 [wyvern zombie (11)]
  3733 | Ossuary  | Reached skill level 7 in Ranged Weapons
  3733 | Ossuary  | Reached XP level 7. HP: 6/60 MP: 7/7
  3935 | Ossuary  | HP: 15/60 [hornet zombie (6)]
  3935 | Ossuary  | HP: 4/60 [hornet zombie (8)]
  3937 | Ossuary  | Slain by a hornet zombie

Levels and vault maps discovered:
D:1:      co_arrival_random_square_maze, layout_loops_corners,
          hangedman_decor_growths
D:2:      layout_loops_corners, basic_altar, dreamdust_princess_bridge,
          minmay_rat_gold_closets, uniq_terence, uniq_crazy_yiuf_cottage
D:3:      layout_loops_ring, mainiacjoe_overflow_cross_hatched, serial_glass,
          glass_columns_c, glass_columns_c,
          chequers_ecumenical_altar_simple_redux, uniq_jessica
D:4:      layout_loops_ring, led_sif_pool, nicolae_wu_jian_immortal_techniques,
          nicolae_overflow_two_pavilions, fedhas_altar_1, enter_ossuary_4,
          kennysheep_generic_room_10
Ossuary:  ossuary_zaba_flooded

Skill      XL: |  1  2  3  4  5  6 |
---------------+-------------------+-----
Ranged Weapons | 3 4 5 6 7 |  7.5
Fighting       | 2 3 4 |  4.4
Armour         | 1 |  1.7
Dodging        | |  2.1
Spellcasting   | |  1.0
Hexes          | |  2.0

Action                     |  1- 3 |  4- 6 |  7- 9 || total
---------------------------+-------+-------+-------++-------
   Fire: Sling             |   116 |   175 |    32 ||   323
    Use: Potion            |     1 |     2 |       ||     3
         Scroll            |       |     5 |       ||     5
 Armour: Robe              |     3 |       |       ||     3
         Leather armour    |    10 |    20 |     8 ||    38
  Dodge: Dodged            |    32 |    51 |    13 ||    96

Table legend:
 A = Non-vault XP
 B = Vault XP
 C = Vault XP percentage of total XP
 D = Non-vault monster count
 E = Vault monster count
 F = Vault count percentage of total count
                 A         B        C        D         E       F
            +---------+---------+-------+---------+---------+-------
      Total |     274 |     592 |  68.4 |      67 |      24 |  26.4
            +---------+---------+-------+---------+---------+-------
        D:1 |      25 |       0 |   0.0 |      15 |       0 |   0.0
        D:2 |     143 |      44 |  23.5 |      32 |       9 |  22.0
        D:3 |      29 |      37 |  56.1 |      13 |       1 |   7.1
        D:4 |      77 |       2 |   2.5 |       7 |       2 |  22.2
    Ossuary |       0 |     509 | 100.0 |       0 |      12 | 100.0
            +---------+---------+-------+---------+---------+-------
